 Dungeon Crawl Stone Soup version 0.21.0 (webtiles) character file.

254 XJIaMuguOo3 the Ducker (level 6, 0/49 (50) HPs)
             Began as a Ghoul Gladiator on Jan 7, 2018.
             Slain by BrokenGlass's ghost (3 damage)
             ... on level 3 of the Dungeon.
             The game lasted 00:20:14 (3920 turns).

XJIaMuguOo3 the Ducker (Ghoul Gladiator)            Turns: 3920, Time: 00:20:15

HP:   0/49 (50)     AC: 10    Str: 20    XL:     6   Next: 14%
MP:   5/5           EV: 12    Int:  3    God:
Gold: 212           SH:  8    Dex: 10    Spells: 5/5 levels left

rFire    + . .     SeeInvis .   f - +0 short sword
rCold    + + .     Gourm    .   q - +0 shield
rNeg     + + +     Faith    .   y - +0 chain mail
rPois    ∞         Spirit   .   b - +0 helmet
rElec    .         Reflect  .   H - scarf {rC+ rF+}
rCorr    +         Harm     .   p - +0 pair of gloves (curse)
MR       .....                  (no boots)
Stlth    ..........             E - amulet of rage
HPRegen  0.00/turn              n - +6 ring of evasion
MPRegen  0.09/turn              s - ring of resist corrosion

@: rotting
A: rotting body, claws 1, carnivore, cold resistance 1, negative energy
resistance 3, inhibited regeneration, torment resistance, unbreathing
a: no special abilities


You were on level 3 of the Dungeon.
You were not hungry.

You visited 1 branch of the dungeon, and saw 3 of its levels.

You collected 212 gold pieces.

Inventory:

Hand Weapons
 f - a +0 short sword (weapon)
 u - a +0 hand axe
Missiles
 c - a throwing net (quivered)
 v - 19 sling bullets
 z - 34 arrows
 C - 40 stones
Armour
 b - a +0 helmet (worn)
 p - a cursed +0 pair of gloves (worn)
 q - a +0 shield (worn)
 y - a +0 chain mail (worn)
 H - a scarf of resistance (worn)
Jewellery
 n - a +6 ring of evasion (left hand)
 s - a ring of resist corrosion (right hand)
 E - an amulet of rage (around neck)
Wands
 a - a wand of polymorph (7)
 J - a wand of flame (13)
Scrolls
 e - 2 scrolls of teleportation {unknown}
 g - 2 scrolls of enchant armour {unknown}
 j - 9 scrolls of identify {unknown}
 k - 2 scrolls of enchant weapon {unknown}
 m - a scroll of noise {unknown}
Potions
 h - a potion of brilliance {unknown}
 i - 2 potions of curing {unknown}
 r - a potion of agility {unknown}
 t - a potion of flight
 w - a potion of heal wounds {unknown}
 x - a potion of might {unknown}
 G - a potion of lignification
Books
 o - a book of Maledictions

   Spells                             Type                      Level
   a - Corona                         Hexes                        1
   b - Ensorcelled Hibernation        Hexes/Ice                    2
   c - Confuse                        Hexes                        3
   d - Tukima's Dance                 Hexes                        3
   e - Dazzling Spray                 Conjuration/Hexes            3
Comestibles
 d - 9 rations


   Skills:
 + Level 2.8 Fighting
 + Level 2.8 Short Blades
 + Level 2.0 Throwing
 + Level 1.8 Armour
 + Level 3.7 Dodging
 + Level 1.3 Shields
 + Level 3.6 Unarmed Combat


You had 5 spell levels left.
You didn't know any spells.

Dungeon Overview and Level Annotations

Branches:
Dungeon (3/15)

Altars:
Wu Jian

Annotations:
D:3 BrokenGlass's ghost, amateur OpFi


Innate Abilities, Weirdness & Mutations

Your body is rotting away.
You thrive on raw meat.
You are immune to poison.
You have sharp fingernails.
You are carnivorous and can eat meat at any time.
Your flesh is cold resistant. (rC+)
You are immune to negative energy. (rN+++)
You do not regenerate when monsters are visible.
You are immune to unholy pain and torment.
You can survive without breathing.


Message History

BrokenGlass's ghost is heavily damaged.
You block BrokenGlass's ghost's attack.
You barely miss BrokenGlass's ghost.
BrokenGlass's ghost is heavily damaged.
BrokenGlass's ghost hits you.
You closely miss BrokenGlass's ghost.
BrokenGlass's ghost is heavily damaged.
BrokenGlass's ghost hits you but does no damage.
You closely miss BrokenGlass's ghost.
BrokenGlass's ghost is heavily damaged.
BrokenGlass's ghost hits you!
* * * LOW HITPOINT WARNING * * *
You miss BrokenGlass's ghost.
BrokenGlass's ghost is heavily damaged.
BrokenGlass's ghost hits you.
* * * LOW HITPOINT WARNING * * *
Your shield and chain mail prevent you from hitting BrokenGlass's ghost.
BrokenGlass's ghost is heavily damaged.
BrokenGlass's ghost hits you.
You die...

........#.#.....# .....#.##.#####
##......#....#####.#..........###
.................................
.##..##.####..####.......##..####
.##...#.####..#.....####.##..# #
.# .........#.#...# #.##... . .#
.##........#<#.####.##.#####
.##.#.........##'##.#....##.#....
..............#.@W.............#.
##...[........'...........####...
# .##....##..##....#.............
##.##.... #...#.....#....#######.
....'... #...#.###.#.##.######..
##.# .. #.......#.#..#.# ......
...# #....##.#.##.#.# ..... ..##
##.#..#.#.##...# ...# #.#
#.#..#.#.###..#####..#


You could see BrokenGlass's ghost.

Vanquished Creatures
  An ice beast (D:3)
  An orc wizard (D:3)
  Robin (D:3)
  5 adders
  A worm (D:3)
  3 dart slugs
  2 leopard geckos
  3 orcs (D:3)
  6 bats
  A giant cockroach (D:2)
  9 hobgoblins
  5 jackals (D:2)
  4 kobolds
  A quokka (D:2)
  4 frilled lizards
  12 goblins
  2 rats
61 creatures vanquished.

Notes
Turn   | Place    | Note
-------+----------+-------------------------------------------
     0 | D:1      | XJIaMuguOo3 the Ghoul Gladiator began the quest for the Orb.
     0 | D:1      | Reached XP level 1. HP: 17/17 MP: 0/0
   663 | D:1      | Reached XP level 2. HP: 11/22 MP: 1/1
   944 | D:2      | Found an ornate altar of the Wu Jian Council.
   986 | D:2      | Reached XP level 3. HP: 15/29 MP: 2/2
  1628 | D:2      | Reached skill level 1 in Short Blades
  1824 | D:2      | Reached XP level 4. HP: 14/35 MP: 3/3
  2780 | D:3      | Noticed an ice beast
  2791 | D:3      | Noticed Robin
  2807 | D:3      | Reached skill level 1 in Armour
  2809 | D:3      | Reached XP level 5. HP: 23/41 MP: 4/4
  2816 | D:3      | Killed Robin
  2840 | D:3      | Killed an ice beast
  2840 | D:3      | Reached skill level 1 in Shields
  2840 | D:3      | Reached XP level 6. HP: 9/49 MP: 5/5
  3894 | D:3      | Noticed BrokenGlass's ghost (amateur OpFi)
  3920 | D:3      | Slain by BrokenGlass's ghost

Skill      XL: |  1  2  3  4  5  6 |
---------------+-------------------+-----
Dodging        | 3 |  3.7
Short Blades   | 1 2 |  2.8
Armour         | 1 |  1.8
Shields        | 1 |  1.3
Throwing       | 2 |  2.0
Fighting       | |  2.8
Unarmed Combat | |  3.6

Action                   |  1- 3 |  4- 6 || total
-------------------------+-------+-------++-------
Melee: Short sword       |   141 |   228 ||   369
       Unarmed           |     5 |       ||     5
Throw: Throwing net      |       |     3 ||     3
       Stone             |       |     5 ||     5
  Use: Potion            |       |     2 ||     2
  Eat: Chunk             |     4 |     8 ||    12
Armor: Leather armour    |    53 |       ||    53
       Chain mail        |    24 |    88 ||   112
Dodge: Dodged            |   115 |    87 ||   202
Block: Shield            |    32 |    70 ||   102
